 Dungeon Crawl Stone Soup version 0.30.1-9-gdf580d7c3d (webtiles) character file.

Game seed: 8588479383878284142

39 KittyFluff the Trooper (level 3, 0/23 HPs)
             Began as a Gargoyle Berserker on Oct 20, 2023.
             Was a Believer of Trog.
             Slain by an orc
             ... wielding a +0 hand axe
              (3 damage)
             ... on level 3 of the Dungeon.
             The game lasted 00:05:32 (1588 turns).

KittyFluff the Trooper (Gargoyle Berserker)         Turns: 1588, Time: 00:05:34

Health: 0/23       AC:  5    Str: 22    XL:     3   Next: 47%
Magic:  3/3        EV: 12    Int:  7    God:    Trog [**....]
Gold:   102        SH:  0    Dex:  9    Spells: 2/2 levels left

rFire   . . .        a - +0 mace
rCold   . . .        (no shield)
rNeg    + . .        b - +0 animal skin
rPois   ∞            (no helmet)
rElec   +            (no cloak)
rCorr   .            (no gloves)
SInv    .            (no boots)
Will    .....        (no amulet)
Stlth   +            (no ring)
HPRegen 0.23/turn    (no ring)
MPRegen 0.08/turn

%: no passive effects
@: no status effects
A: sickness immunity, AC +3, negative energy resistance 1, electricity
resistance, torment resistance 1, petrification resistance
a: Renounce Religion, Berserk, Trog's Hand


You were on level 3 of the Dungeon.
You worshipped Trog.
Trog was pleased with you.
You visited 1 branch of the dungeon, and saw 3 of its levels.

You collected 102 gold pieces.

Inventory:

Hand Weapons
 a - a +0 mace (weapon)
Armour
 b - a +0 animal skin (worn)
Scrolls
 c - a scroll of enchant armour {unknown}
 e - 2 scrolls of enchant weapon {unknown}
 g - a scroll of teleportation {unknown}
 h - 2 scrolls of noise {unknown}
 j - a scroll of identify {unknown}
 k - a scroll of torment {unknown}
Potions
 d - 2 potions of attraction {unknown}
 f - a potion of heal wounds {unknown}
 i - a potion of might {unknown}
 l - a potion of mutation {unknown}
 m - a potion of curing {unknown}


   Skills:
 + Level 3.6 Fighting
 * Level 3.4 Maces & Flails
 * Level 3.0 Armour
 + Level 1.9 Dodging


You had 2 spell levels left.
You didn't know any spells.
Your spell library was empty.

Dungeon Overview and Level Annotations

Branches:
Dungeon (3/15)

Altars:

Annotations:
D:3 Natasha


Innate Abilities, Weirdness & Mutations

You are immune to sickness and miasma.
Your stone body is resilient. (AC +3)
You are immune to poison.
You resist negative energy. (rN+)
You are resistant to electric shocks. (rElec)
You are resistant to unholy torment.
You are immune to petrification.


Message History

The bat hits you but does no damage. The bat closely misses you.
You thump the bat!
You kill the bat!
Trog accepts your kill.
Found an escape hatch in the floor.
There is an escape hatch in the ceiling here.
Found a stone staircase leading up.
Found 2 stones.
There is a stone staircase leading down here.
You climb downwards.
The orc shouts!
Found an escape hatch in the floor.
There is a stone staircase leading up here.
The dart slug launches a dart at you. The slug dart misses you.
Natasha, Servant of Life and Death comes into view.
Natasha hisses angrily.
The orc hits you with a +0 hand axe.
You barely miss the orc. The orc closely misses you.
Natasha mumbles some strange words.
You hit the orc.
The orc is heavily wounded.
The orc barely misses you. The orc hits you with a +0 hand axe.
The cerulean imp hits you from afar with a +2 spear.
You barely miss the orc.
The orc is heavily wounded.
The orc hits you with a +0 hand axe.
You hit the orc but do no damage.
The orc is heavily wounded.
The cerulean imp hits you from afar with a +2 spear.
The orc barely misses you.
The cerulean imp hits you from afar with a +2 spear.
You hit the orc.
The orc is severely wounded.
The orc hits you with a +0 hand axe.
The cerulean imp hits you from afar with a +2 spear.
* * * LOW HITPOINT WARNING * * *
The orc hits you with a +0 hand axe.
You die...

.##....
##.......
.........
#....>...
........#
#......##
#.######.......#
#....@ohw.......
#.#####5........
##<.......
#........
###....## .#.##
.### .#


You could see Natasha, a cerulean imp (summoned), a dart slug and an orc.

Vanquished Creatures
  A worm (D:2)
  9 bats
  2 endoplasms
  2 giant cockroaches
  5 goblins
  A hobgoblin (D:2)
  10 ball pythons
  2 frilled lizards (D:2)
  A kobold (D:1)
  2 rats (D:1)
35 creatures vanquished.

Notes
Turn   | Place    | Note
-------+----------+-------------------------------------------
     0 | D:1      | KittyFluff the Gargoyle Berserker began the quest for the
                  | Orb.
     0 | D:1      | Reached XP level 1. HP: 14/14 MP: 1/1
   259 | D:1      | Reached XP level 2. HP: 19/19 MP: 2/2
   872 | D:2      | Found a faded altar of an unknown god.
   899 | D:2      | Reached XP level 3. HP: 23/23 MP: 3/3
   926 | D:2      | Reached ** piety under Trog
  1197 | D:2      | HP: 1/23 [goblin/+0 club (4)]
  1579 | D:3      | Noticed Natasha
  1588 | D:3      | Slain by an orc

Illustrated notes

Levels and vault maps discovered:
D:1:      nzn_arrival_depleted_hourglass, layout_basic
D:2:      layout_basic, ebering_ecumenical_altar_mist
D:3:      layout_loops_ring, mainiacjoe_overflow_alcove_2,
          mainiacjoe_overflow_tiny_flanked, minmay_shallow_snake_nest,
          uniq_ijyb, uniq_natasha, uniq_terence

Skill      XL: |  1  2  3 |
---------------+----------+-----
Armour         | 3 |  3.0
Fighting       | |  3.6
Maces & Flails | |  3.4
Dodging        | |  1.9

Action                     || total
---------------------------++-------
  Melee: Mace              ||   130
         Punch             ||     1
 Armour: Animal skin       ||    52
  Dodge: Dodged            ||   116
